 Dungeon Crawl Stone Soup version 0.28-a0-1235-g7c8fac35f0 (webtiles) character file.

Game seed: 15106869640102586697

263 pokeman the Magician (level 5, -4/29 HPs)
             Began as a Deep Elf Hedge Wizard on Dec 24, 2021.
             Slain by a gnoll (9 damage)
             ... on level 3 of the Dungeon.
             The game lasted 00:07:45 (2972 turns).

pokeman the Magician (Deep Elf Hedge Wizard)        Turns: 2972, Time: 00:07:46

Health: -4/29      AC:  3    Str:  7    XL:     5   Next: 97%
Magic:  8/15       EV: 12    Int: 21    God:
Gold:   116        SH:  0    Dex: 14    Spells: 0/15 levels left

rFire   + . .      SeeInvis .   o - +1 whip (elec)
rCold   x . .      Faith    .   (no shield)
rNeg    + . .      Spirit   .   b - +0 robe
rPois   .          Reflect  .   c - +0 hat
rElec   .          Harm     .   (no cloak)
rCorr   .          Rampage  .   l - +0 pair of gloves
Will    .....                   (no boots)
Stlth   ++........              (no amulet)
HPRegen 0.09/turn               g - ring of fire
MPRegen 0.14/turn               n - ring of positive energy

@: no status effects
A: no striking features
a: no special abilities


You were on level 3 of the Dungeon.
You visited 1 branch of the dungeon, and saw 3 of its levels.

You collected 116 gold pieces.

Inventory:

Hand Weapons
 o - a +1 whip of electrocution (weapon)
Missiles
 e - 13 arrows
Armour
 b - a +0 robe (worn)
 c - a +0 hat (worn)
 h - a +0 buckler
 l - a +0 pair of gloves (worn)
Jewellery
 g - a ring of fire (left hand)
 n - a ring of positive energy (right hand)
Scrolls
 d - 2 scrolls of enchant armour {unknown}
 i - a scroll of identify {unknown}
 k - a scroll of teleportation {unknown}
Potions
 a - a potion of degeneration {unknown}
 f - a potion of lignification {unknown}
 j - a potion of attraction {unknown}
 m - 2 potions of magic {unknown}


   Skills:
 - Level 1.1 Fighting
 - Level 1.0 Armour
 - Level 2.7 Dodging
 - Level 2.4 Stealth
 + Level 3.2 Shields
 - Level 5.7 Spellcasting
 - Level 2.2 Conjurations
 - Level 1.1 Summonings
 - Level 1.1 Translocations


You couldn't memorise any spells.
You knew the following spells:

 Your Spells              Type           Power      Damage    Failure   Level
a - Magic Dart            Conj           60%        1d6       4%          1
b - Mephitic Cloud        Conj/Pois/Air  9%         N/A       22%         3
c - Call Imp              Summ           10%        N/A       10%         2
d - Blink                 Tloc           20%        N/A       10%         2
e - Conjure Flame         Conj/Fire      16%        6-21      19%         3
f - Shock                 Conj/Air       40%        1d5       6%          1
g - Swiftness             Air            5%         N/A       30%         3

Your spell library contained the following spells:

 Spells                   Type           Power      Damage    Failure   Level
 Slow                     Hex            20%        N/A       10%         1
 Corpse Rot               Necr/Air       10%        N/A       16%         2
 Poisonous Vapours        Pois/Air       10%        N/A       16%         2
 Airstrike                Air            2%         N/A       69%         4


Dungeon Overview and Level Annotations

Branches:
Dungeon (3/15)

Altars:
Wu Jian

Annotations:
D:3 Grinder


Message History

The spell is quite dangerous to miscast (22% risk of failure)!
Continue anyway?
Aiming: Mephitic Cloud (quite dangerous; 22% risk of failure)
Press: ? - help, Shift-Dir - straight line, f/p - gnoll
Aim: a gnoll, wielding a +0 halberd (moderately wounded, chance to affect: 91%)
The ball explodes into a vile cloud!
The stinking cloud engulfs the gnoll but does no damage.
The gnoll is moderately wounded.
You hear a shout!
The gnoll is engulfed in noxious fumes.
The gnoll appears confused.
Unknown command.
You hit the gnoll but do no damage.
The gnoll is moderately wounded.
Unknown command.
You hit the gnoll.
The gnoll is heavily wounded.
The gnoll barely misses you.
A gnoll comes into view. It is wielding a +0 flail.
The gnoll misses you.
The gnoll shouts!
You hit the gnoll but do no damage.
The gnoll is heavily wounded.
The gnoll completely misses you.
Unknown command.
Casting: Mephitic Cloud (quite dangerous; 22% risk of failure)
Confirm with . or Enter, or press ? or * to list all spells.
Aiming: Shock (safe; 6% risk of failure)
Press: ? - help, Shift-Dir - straight line, f/p - gnoll
Aim: a gnoll, wielding a +0 halberd (heavily wounded, confused, 93% to hit)
The zap misses the gnoll.
The zap hits the gnoll.
The gnoll is lightly wounded.
The gnoll barely misses the gnoll.
Unknown command.
You hit the gnoll but do no damage. Lightning courses through the gnoll!
You kill the gnoll!
A gnoll comes into view. It is wielding a +0 spear.
The gnoll hits you with a +0 flail!
* * * LOW HITPOINT WARNING * * *
Unknown command.
The gnoll hits you with a +0 flail!
You die...

#. #.##
##...
....
#.g## ...
#g# #@#
#.......#
#########


You could see 2 gnolls.

Vanquished Creatures
  Sigmund (D:3)
  Natasha (twice) (D:2)
  A gnoll (D:3)
  2 adders (D:2)
  2 endoplasms
  3 giant cockroaches (D:2)
  3 goblins (D:2)
  5 hobgoblins
  4 jackals (D:1)
  3 bats
  A frilled lizard (D:2)
  4 kobolds
  2 rats (D:1)
  A spectral goblin (D:1)
34 creatures vanquished.

Vanquished Creatures (others)
  A fungus (D:1)
1 creature vanquished.

Grand Total: 35 creatures vanquished

Notes
Turn   | Place    | Note
-------+----------+-------------------------------------------
     0 | D:1      | pokeman the Deep Elf Hedge Wizard began the quest for the
                  | Orb.
     0 | D:1      | Reached XP level 1. HP: 10/10 MP: 7/7
   645 | D:1      | Reached XP level 2. HP: 16/16 MP: 1/9
   858 | D:1      | Found a faded altar of an unknown god.
  1532 | D:2      | Reached skill level 5 in Spellcasting
  1783 | D:2      | Found an ornate altar of the Wu Jian Council.
  1816 | D:2      | Reached XP level 3. HP: 15/20 MP: 7/11
  1820 | D:2      | Learned a level 3 spell: Mephitic Cloud
  1826 | D:2      | Learned a level 2 spell: Call Imp
  1829 | D:2      | Learned a level 2 spell: Blink
  1833 | D:2      | Learned a level 3 spell: Conjure Flame
  1835 | D:2      | Learned a level 1 spell: Shock
  2083 | D:2      | Reached skill level 1 in Armour
  2293 | D:2      | Noticed Natasha
  2310 | D:2      | Killed Natasha
  2311 | D:2      | Reached skill level 1 in Fighting
  2311 | D:2      | Reached XP level 4. HP: 18/25 MP: 2/13
  2452 | D:2      | Noticed Natasha
  2469 | D:2      | Killed Natasha
  2711 | D:3      | Noticed Sigmund
  2720 | D:3      | Noticed Grinder
  2726 | D:3      | Killed Sigmund
  2727 | D:3      | Reached XP level 5. HP: 25/29 MP: 3/15
  2727 | D:3      | Paralysed by Grinder for 6 turns
  2738 | D:2      | Learned a level 3 spell: Swiftness
  2861 | D:3      | Paralysed by Grinder for 2 turns
  2972 | D:3      | Slain by a gnoll

Illustrated notes

Levels and vault maps discovered:
D:1:      wander_arrival_fairy_ring, layout_basic,
          dreamdust_ecumenical_altar_drowned_temple
D:2:      layout_basic, basic_altar, grunt_decor_resistance, uniq_natasha
D:3:      layout_loops_cross, marbit_many_paths, uniq_grinder, uniq_robin,
          uniq_sigmund

Skill      XL: |  1  2  3  4 |
---------------+-------------+-----
Spellcasting   | 5 |  5.7
Armour         | 1 |  1.0
Fighting       | 1 |  1.1
Conjurations   | 2 |  2.2
Shields        | 3 |  3.2
Dodging        | |  2.7
Stealth        | |  2.4
Summonings     | |  1.1
Translocations | |  1.1

Action                   |  1- 3 |  4- 6 || total
-------------------------+-------+-------++-------
Melee: Dagger            |     8 |       ||     8
       Whip              |     5 |     9 ||    14
 Cast: Magic Dart        |    74 |    13 ||    87
       Mephitic Cloud    |     1 |     3 ||     4
       Conjure Flame     |       |     3 ||     3
       Shock             |       |    10 ||    10
       Blink             |       |     1 ||     1
       Call Imp          |       |     1 ||     1
Armor: Robe              |     2 |       ||     2
Dodge: Dodged            |    12 |     9 ||    21

Table legend: (Time is in decaauts)
 A = Elapsed time spent in this place.
 B = Non-inter-level travel time spent in this place.
 C = Inter-level travel time spent in this place.
 D = Time resting spent in this place.
 E = Time spent auto-exploring this place.
 F = Levels seen in this place.
 G = Mean time per level.
                   A        B        C        D        E       F      G
               +--------+--------+--------+--------+--------+-----+--------+
         Total |   2978 |   2857 |    121 |    391 |   2071 |   3 |  992.7 |
       Dungeon |   2978 |   2857 |    121 |    391 |   2071 |   3 |  992.7 |
               +--------+--------+--------+--------+--------+-----+--------+

Top non-repeatable levels by time:
     D:1: 1527 daAuts
     D:2: 1385 daAuts
     D:3: 65 daAuts
